Map: Romanticide LE

Players

Erik

  • Race: Zerg Zerg

TerraN - Winner!

  • Race: Terran Terran

Event: DreamHack SC2 Masters 2021 Fall

VOD

Have the link to the VOD?

Description

Time

  • Played on: July 29, 2021, 5:59 p.m.
  • Length: 19:29

All games in this series

Show
View Real Time Build Order
Export as new Build Order

Erik Zerg 

Build Orders: Hatch First, Lurkers 

Get SALT Encoding   

  12  0:00  Drone  
  13  0:12  Overlord  
  13  0:17  Drone  
  14  0:30  Drone x2  
  16  0:47  Hatchery  
  15  0:51  Drone  
  15  0:54  Drone  
  17  0:57  Drone  
  18  1:12  Extractor  
  18  1:15  Spawning Pool, Drone  
  17  1:20  Drone  
  18  1:28  Drone  
  19  1:39  Drone  
  20  1:51  Hatchery  
  19  2:04  Queen  
  19  2:05  Zergling x2  
  19  2:06  Zergling x2  
  23  2:10  Drone  
  23  2:12  Drone  
  23  2:14  Drone  
  26  2:26  Roach Warren  
  25  2:30  Burrow  
  25  2:32  Drone  
  25  2:36  Drone  
  27  2:48  Queen, Extractor  
  27  2:51  Overlord  
  29  2:54  Overlord  
  30  3:11  Roach x3  
  36  3:13  Roach x2  
  36  3:15  Roach  
  42  3:21  Roach  
  42  3:25  Overlord  
  44  3:44  Drone x5  
  49  3:54  Drone  
  50  3:57  Drone x2  
  50  3:59  Overlord  
  51  4:08  Roach x3  
  51  4:15  Overlord  
  51  4:20  Drone x5  
  56  4:25  Drone  
  56  4:28  Drone  
  56  4:29  Drone  
  57  4:33  Drone x2  
  57  4:36  Roach x2  
  57  4:37  Roach  
  59  4:41  Extractor  
  59  4:42  Extractor, Drone x2  
  59  4:43  Extractor, Roach x3  
  57  4:45  Queen  
  57  4:46  Queen  
  57  4:50  Spore Crawler, Hatchery  
  59  4:53  Spore Crawler, Drone x2  
  59  4:54  Spore Crawler  
  59  4:57  Roach x3  
  59  4:59  Ravager x3  
  62  5:09  Overlord  
  62  5:13  Roach  
  62  5:14  Drone x5  
  62  5:25  Drone x4  
  60  5:29  Lair  
  60  5:33  Drone  
  57  5:40  Roach  
  59  5:43  Overlord  
  59  5:44  Roach x2  
  63  5:56  Hatchery  
  64  5:57  Roach x2  
  64  6:01  Roach x3  
  72  6:05  Ravager  
  72  6:11  Roach x2  
  77  6:22  Overlord x4  
  77  6:27  Evolution Chamber x2, Overlord  
  77  6:29  Glial Reconstitution  
  75  6:38  Overlord x2  
  75  6:41  Overseer  
  75  6:43  Roach x6  
  75  6:46  Ravager  
  88  6:50  Queen  
  88  6:52  Zerg Missile Weapons Level 1  
  90  6:57  Drone x5  
  96  7:01  Drone x3  
  96  7:05  Zerg Ground Armor Level 1  
  95  7:14  Drone x3  
  96  7:22  Drone  
  96  7:24  Roach  
  96  7:25  Roach  
  96  7:28  Drone x3  
  103  7:30  Extractor  
  103  7:36  Roach  
  103  7:37  Roach x4  
  112  7:38  Metabolic Boost  
  112  7:48  Overlord x2  
  110  7:52  Drone x3  
  110  7:56  Drone  
  114  7:59  Extractor  
  113  8:07  Overlord  
  113  8:11  Drone x8  
  121  8:14  Ravager  
  121  8:16  Overlord  
  122  8:20  Queen  
  122  8:24  Roach x2  
  122  8:25  Roach  
  122  8:26  Infestation Pit  
  129  8:30  Roach x3  
  129  8:32  Tunneling Claws  
  135  8:44  Overlord  
  135  8:47  Zerg Missile Weapons Level 2  
  135  8:49  Overlord  
  135  8:56  Overlord  
  135  8:57  Roach  
  135  8:58  Roach x8  
  135  8:59  Roach  
  135  9:02  Ravager x2  
  157  9:04  Ravager  
  157  9:05  Ravager  
  159  9:11  Zergling x12  
  165  9:19  Ravager  
  165  9:20  Ravager x2  
  165  9:21  Roach x4  
  152  9:37  Roach x7  
  152  9:38  Roach x3  
  163  9:51  Drone x3  
  164  9:54  Pathogen Glands  
  164  9:58  Drone x2  
  164  9:59  Drone  
  167  10:02  Hatchery  
  167  10:05  Overlord  
  164  10:07  Drone x3  
  157  10:18  Roach  
  157  10:19  Roach x2  
  151  10:26  Queen  
  153  10:31  Hydralisk Den, Hive  
  153  10:35  Infestor x2  
  156  10:45  Infestor  
  158  10:51  Zergling x16  
  166  11:01  Extractor  
  166  11:02  Extractor  
  164  11:05  Lurker Den, Evolution Chamber  
  164  11:11  Roach x7  
  173  11:13  Queen  
  167  11:18  Drone  
  167  11:25  Drone x5  
  174  11:32  Ravager x2  
  174  11:33  Ravager x3  
  174  11:35  Zergling x20  
  182  11:52  Spore Crawler x2  
  182  11:53  Spore Crawler  
  179  11:59  Overlord  
  179  12:01  Hydralisk x6  
  184  12:16  Zergling x20  
  183  12:36  Roach  
  183  12:37  Roach x8  
  184  13:03  Zergling x4  
  184  13:04  Zergling x24  
  188  13:12  Lurker x3  
  189  13:13  Lurker x2  
  189  13:14  Seismic Spines  
  189  13:17  Extractor  
  188  13:22  Muscular Augments  
  188  13:23  Hydralisk x6  
  200  13:43  Hatchery  
  196  13:58  Roach x2  
  196  13:59  Roach x2  
  160  14:03  Hydralisk x2  
  160  14:04  Hydralisk x10  
  176  14:11  Adaptive Talons  
  166  14:28  Overseer  
  166  14:30  Lurker  
  166  14:31  Lurker x2, Hydralisk x4  
  167  14:32  Lurker x2  
  167  14:33  Lurker, Grooved Spines  
  167  14:34  Roach x8  
  167  14:36  Roach x3  
  171  15:00  Zergling x28  
  157  15:14  Roach x3  
  139  15:24  Hydralisk  
  139  15:25  Hydralisk x5  
  134  15:33  Hydralisk x2  
  128  15:36  Overseer  
  128  15:43  Drone x5  
  128  15:47  Drone x2  
  135  15:52  Lurker x3  
  135  15:55  Ravager x4  
  142  15:59  Unknown  
  141  16:09  Drone x2  
  141  16:10  Drone  
  112  16:29  Lurker x4  
  112  16:30  Hydralisk x7  
  130  16:40  Zergling x12  
  117  17:03  Roach x8  
  132  17:17  Roach x6  
  144  17:25  Overseer  
  144  17:26  Overseer  
  144  17:27  Pneumatized Carapace  
  144  17:29  Ravager x5  
  151  17:30  Ravager x2  
  151  17:31  Ravager  
  151  17:36  Zergling x6  
  143  17:53  Zergling x12  
  100  18:38  Ravager  
  95  18:45  Roach x5  
  93  19:06  Ravager  
  93  19:07  Ravager x4  
Show
View Real Time Build Order
Export as new Build Order

TerraN Terran - Winner!

Build Orders: Reaper Expand 

Get SALT Encoding   

  12  0:01  SCV  
  13  0:13  SCV  
  14  0:17  Supply Depot  
  14  0:25  SCV  
  15  0:39  SCV  
  15  0:41  Barracks  
  16  0:44  Refinery  
  16  0:51  SCV  
  17  1:03  SCV  
  18  1:15  SCV  
  19  1:28  Reaper, Orbital Command  
  20  1:43  Command Center  
  20  1:51  Supply Depot  
  20  1:54  SCV  
  21  2:00  Marine  
  22  2:06  SCV  
  23  2:13  Refinery  
  23  2:15  Factory  
  23  2:18  Marine  
  23  2:20  SCV  
  25  2:27  Bunker  
  25  2:32  SCV  
  25  2:35  Marine  
  27  2:44  SCV  
  28  2:57  Barracks Reactor  
  29  3:00  Starport, Factory Tech Lab  
  29  3:05  Orbital Command  
  28  3:07  SCV  
  29  3:23  Command Center  
  29  3:26  SCV, Factory Tech Lab  
  30  3:34  SCV  
  30  3:39  Marine x2  
  33  3:44  Supply Depot  
  33  3:46  Siege Tank  
  36  3:50  Banshee  
  39  3:56  Bunker  
  39  3:58  Marine x2  
  41  4:08  SCV x2  
  43  4:16  Marine x2  
  45  4:19  Cloaking Field  
  45  4:22  SCV x2  
  46  4:33  Siege Tank  
  46  4:34  Engineering Bay  
  48  4:40  Banshee  
  51  4:47  Marine x2  
  51  4:49  Orbital Command  
  51  4:51  SCV  
  51  4:52  SCV  
  55  5:03  SCV  
  55  5:04  SCV  
  55  5:05  Missile Turret  
  57  5:11  Marine x2  
  59  5:15  SCV  
  59  5:16  SCV  
  57  5:27  SCV  
  55  5:28  Banshee  
  55  5:29  Siege Tank  
  55  5:31  SCV  
  62  5:41  Marine x2  
  62  5:42  Supply Depot  
  64  5:43  SCV  
  64  5:49  Supply Depot  
  65  6:01  Siege Tank  
  67  6:05  Bunker  
  67  6:06  Bunker x2  
  67  6:13  SCV  
  67  6:14  SCV  
  67  6:16  Barracks  
  67  6:17  Barracks  
  68  6:26  SCV x2  
  68  6:28  Supply Depot  
  68  6:29  Terran Infantry Weapons Level 1  
  68  6:30  SCV, Engineering Bay  
  68  6:32  Stimpack  
  71  6:33  Marine, Starport Reactor  
  71  6:38  SCV  
  71  6:39  Refinery, SCV  
  74  6:44  SCV  
  75  6:47  Supply Depot  
  75  6:50  SCV  
  76  6:54  Siege Tank  
  76  6:59  SCV, Barracks  
  76  7:00  Barracks  
  80  7:02  Refinery  
  80  7:13  Barracks Reactor  
  80  7:15  Barracks Reactor, SCV x2  
  82  7:17  Marine  
  84  7:27  SCV x2  
  84  7:29  Siege Tank  
  88  7:33  Supply Depot  
  88  7:35  Supply Depot  
  88  7:37  Marauder  
  90  7:40  SCV x2, Supply Depot  
  90  7:42  Supply Depot  
  90  7:44  Orbital Command  
  89  7:46  Marine  
  90  7:52  SCV  
  90  7:54  Medivac x2  
  90  7:55  Marine x4  
  90  7:57  SCV  
  100  7:59  Barracks x2  
  100  8:00  Barracks Tech Lab  
  100  8:03  Missile Turret  
  100  8:04  SCV  
  101  8:05  Supply Depot  
  101  8:09  SCV x2  
  103  8:14  Marine x3, Barracks Tech Lab  
  103  8:16  Marine, Barracks  
  107  8:22  Siege Tank  
  107  8:25  Supply Depot  
  110  8:28  Medivac x2  
  110  8:29  Supply Depot  
  114  8:38  Marine, Marauder  
  114  8:39  Marine x2, Marauder x2  
  123  8:45  Combat Shield  
  123  8:46  Supply Depot, Concussive Shells  
  123  8:50  Marine  
  123  8:51  Marine  
  125  8:58  Siege Tank  
  125  9:00  Marauder  
  125  9:02  Marine x3, Marauder  
  134  9:03  Marauder  
  134  9:09  Marine  
  137  9:10  Marine  
  137  9:16  Marine  
  138  9:20  Marine  
  138  9:21  Marauder  
  138  9:23  Marine x2  
  138  9:24  Marauder x2  
  143  9:27  Marine x2  
  143  9:30  Siege Tank  
  137  9:33  Marine  
  137  9:37  Marine  
  123  9:40  Marine  
  123  9:41  Marine, SCV x2  
  123  9:42  Refinery  
  123  9:43  Refinery, Marauder  
  123  9:45  Marine x2, Marauder  
  130  9:46  Marauder  
  130  9:51  Marine  
  130  9:52  Medivac  
  134  9:55  Marine, Supply Depot, SCV x2  
  134  9:56  SCV  
  134  9:58  Marine  
  139  10:00  Marine, Missile Turret  
  139  10:02  Siege Tank  
  139  10:03  Marine  
  139  10:04  Marauder  
  139  10:05  Supply Depot  
  143  10:07  SCV x2  
  143  10:09  Marine x3, Marauder  
  133  10:25  Marine, Marauder  
  133  10:28  Medivac x2  
  140  10:37  Supply Depot x2, Command Center  
  140  10:42  Barracks Tech Lab  
  140  10:43  Armory, Factory  
  140  10:44  Marine  
  141  10:51  Marine  
  141  10:52  Marauder  
  145  10:57  SCV x2  
  145  10:58  Marine  
  145  10:59  Marine  
  145  11:00  Marine, Supply Depot  
  145  11:01  Sensor Tower  
  145  11:02  Marauder  
  151  11:09  Marine, Marauder  
  151  11:10  Marine  
  151  11:11  Marauder  
  156  11:13  Marine x2  
  156  11:18  Marine  
  156  11:27  Siege Tank  
  156  11:28  Medivac x2  
  156  11:29  Marauder, Factory Tech Lab  
  165  11:39  Marine x2  
  169  11:40  Marauder  
  169  11:48  SCV x2  
  169  11:49  Terran Infantry Weapons Level 2  
  169  11:51  Terran Infantry Armor Level 1  
  169  11:53  Marine x2  
  173  11:59  Siege Tank  
  179  12:01  Siege Tank  
  178  12:18  Marine, Marauder  
  178  12:19  Marine, Marauder  
  165  12:31  Siege Tank  
  165  12:33  Siege Tank  
  165  12:35  Liberator x2  
  165  12:36  Marine  
  165  12:37  Marine, Marauder  
  181  12:46  Marine x2  
  181  12:47  Marine x2  
  181  12:49  Planetary Fortress  
  169  12:59  Marine, Marauder  
  169  13:03  Siege Tank  
  158  13:05  Siege Tank  
  158  13:10  Marine  
  158  13:11  Marauder  
  151  13:18  Marine x3  
  151  13:19  Barracks Tech Lab, Marauder  
  156  13:21  Command Center  
  156  13:24  Terran Vehicle Weapons Level 1  
  156  13:25  Ghost Academy  
  156  13:26  Liberator x2  
  162  13:27  Marine  
  163  13:35  Siege Tank  
  163  13:37  Siege Tank  
  163  13:39  Marine x2, Marauder  
  163  13:41  Marine, Marauder  
  176  13:51  Marine x2  
  176  13:52  Marauder  
  169  14:04  Marine  
  169  14:07  Siege Tank  
  169  14:09  Siege Tank  
  171  14:11  Marine, Marauder  
  160  14:18  Marine  
  160  14:19  Marine, Marauder x2  
  160  14:21  Marine x2, Missile Turret  
  166  14:26  SCV x3  
  166  14:30  Marine  
  166  14:31  Marauder  
  170  14:33  Marine, Marauder  
  170  14:36  Marine  
  170  14:37  Marine  
  174  14:39  Marauder  
  174  14:40  Siege Tank  
  174  14:42  Siege Tank  
  180  14:48  Marine, Marauder  
  180  14:51  Marine  
  180  14:52  Marauder  
  170  14:53  Marine, Marauder  
  170  14:59  Marine x2, Marauder  
  176  15:00  Marine  
  176  15:06  Marine  
  161  15:10  Marine, Marauder  
  161  15:11  Marine  
  161  15:12  Siege Tank  
  161  15:14  Siege Tank  
  171  15:20  Marine  
  171  15:21  Marauder  
  149  15:23  Marine x2, Marauder  
  149  15:25  Marauder  
  128  15:29  Marine x2  
  128  15:30  Marine  
  128  15:32  Marine  
  128  15:34  SCV  
  124  15:38  Marine  
  124  15:40  Marine  
  124  15:42  Marine  
  127  15:50  Marine x3, Siege Tank  
  127  15:52  Marine  
  127  15:55  Marine  
  127  15:56  Marine  
  136  15:59  Marine  
  136  16:00  Marauder  
  139  16:10  Siege Tank  
  136  16:12  Marine, Marauder  
  136  16:18  Marine  
  134  16:19  Marauder  
  134  16:22  Siege Tank  
  134  16:23  Marine  
  135  16:27  Medivac x2  
  135  16:28  Marine, Marauder  
  135  16:31  Marine  
  143  16:34  Marine  
  143  16:38  Marine x3  
  143  16:39  Marine  
  148  16:43  Siege Tank  
  151  16:50  Marine, Marauder  
  153  16:56  Marine x2  
  153  16:57  Marauder  
  153  16:59  Marine  
  153  17:00  Siege Tank, Marauder  
  155  17:03  Marine x2  
  155  17:04  Marauder  
  156  17:10  Medivac x2  
  156  17:12  Marauder  
  156  17:15  Siege Tank  
  164  17:17  Planetary Fortress  
  164  17:26  Marine  
  164  17:40  Marine, Marauder  
  163  17:45  Siege Tank  
  163  17:47  Marine x2, Marauder  
  163  17:48  Marine  
  163  17:49  Siege Tank, Marauder  
  176  17:52  Marine  
  176  17:53  Marine, Marauder  
  176  17:57  Marine  
  181  18:01  Marauder  
  181  18:05  Marine x2  
  162  18:06  Marine  
  162  18:09  Marauder  
  162  18:10  Marine, Marauder  
  162  18:11  Marauder  
  160  18:14  Marine  
  160  18:15  Marine  
  160  18:17  Siege Tank  
  161  18:21  Siege Tank  
  161  18:22  Marine  
  164  18:27  Marine  
  164  18:28  Marine, Sensor Tower  
  152  18:37  Unknown  
  152  18:44  Marine x2  
  152  18:45  Marine x2, Marauder x2  
  155  18:49  Siege Tank  
  155  18:53  Marine x2, Siege Tank  
  157  18:57  Marine  
  157  19:02  Marine  
  156  19:05  Marine x2  

Tags
 
Add a new tag
Caveats
  • Supply blocks, unpowered buildings, or Contaminate may cause inaccurate times.
  • Supply counts are checked every 10 seconds.